 Dungeon Crawl Stone Soup version 0.22-a0-252-gcace5d2 (webtiles) character file.

119 Amnesiac the Ducker (level 4, 0/23 HPs)
             Began as a Spriggan Fighter on Mar 2, 2018.
             Was an Initiate of Okawaru.
             Slain by Pikel
             ... wielding a +0 whip of flaming
              (1 damage)
             ... on level 3 of the Dungeon.
             The game lasted 00:04:41 (3474 turns).

Amnesiac the Ducker (Spriggan Fighter)              Turns: 3474, Time: 00:04:42

Health: 0/23       AC:  2    Str: 13    XL:     4   Next: 73%
Magic:  14/14      EV: 22    Int:  9    God:    Okawaru [......]
Gold:   147        SH:  6    Dex: 15    Spells: 3/3 levels left

rFire    . . .     SeeInvis +   a - +0 long sword
rCold    . . .     Gourm    .   c - +0 buckler
rNeg     . . .     Faith    .   b - +0 robe
rPois    +         Spirit   .   (helmet restricted)
rElec    .         Reflect  .   (no cloak)
rCorr    .         Harm     +   (gloves unavailable)
MR       .....                  (boots unavailable)
Stlth    +.........             o - amulet of harm
HPRegen  0.07/turn              n - ring of poison resistance
MPRegen  0.14/turn              r - ring of magical power

@: very quick
A: very small, unfitting armour, see invisible, herbivore, speed 3, slow
metabolism 2
a: Renounce Religion


You were on level 3 of the Dungeon.
You worshipped Okawaru.
Okawaru was noncommittal.
You were not hungry.

You visited 1 branch of the dungeon, and saw 4 of its levels.

You collected 147 gold pieces.

Inventory:

Hand Weapons
 a - a +0 long sword (weapon)
Missiles
 j - 41 stones (quivered)
 p - a throwing net
 v - 14 sling bullets
Armour
 b - a +0 robe (worn)
 c - a +0 buckler (worn)
Jewellery
 n - a ring of poison resistance (left hand)
 o - an amulet of harm (around neck)
 r - a ring of magical power (right hand)
 u - an uncursed ring of flight {unknown}
Wands
 w - a wand of polymorph (15)
Scrolls
 i - a scroll of remove curse {!r, unknown}
 l - a scroll of noise {!r, unknown}
 m - a scroll of fog {!r, unknown}
 q - 3 scrolls of identify {!r, unknown}
 s - a scroll of teleportation {!r, unknown}
Potions
 d - a potion of might {!q}
 e - a potion of lignification {!q, unknown}
 g - a potion of invisibility {!q, unknown}
 h - a potion of degeneration {!q, unknown}
 k - 2 potions of agility {!q, unknown}
 t - 2 potions of heal wounds {!q, unknown}
Comestibles
 f - 4 rations


   Skills:
 - Level 2.4 Fighting
 - Level 2.0 Long Blades
 + Level 7.2 Dodging
 - Level 2.5 Shields


You had 3 spell levels left.
You didn't know any spells.

Dungeon Overview and Level Annotations

Branches:
Dungeon (4/15)
 Temple: D:4-7

Altars:
Okawaru
Qazlal
Uskayaw
The Shining One

Annotations:
D:3 Pikel


Innate Abilities, Weirdness & Mutations

You are very small and have problems with some larger weapons.
You are too small for most types of armour.
You have supernaturally acute eyesight. (SInv)
You are a herbivore.
You cover ground extremely quickly.
You need consume almost no food.


Message History

(D) Dungeon
Where to? (Enter - D:3 @ (x,y), ? - help)
There is an open door here.
There is an open door here.
There is an open door, spattered with blood here.
There is a stone staircase leading down here.
You eat one of the 5 rations.
That ration really hit the spot!
You climb downwards.
Level annotation: Pikel The jackal skeleton bites you.
The frilled lizard bites you but does no damage.
The jackal skeleton completely misses you.
You riposte.
You hit the jackal skeleton but do no damage.
There is a stone staircase leading up here.
You hit the jackal skeleton.
You destroy the jackal skeleton!
Okawaru accepts your kill. The frilled lizard misses you.
The frilled lizard completely misses you.
You closely miss the frilled lizard. You block the frilled lizard's attack.
You hit the frilled lizard.
The frilled lizard is heavily wounded.
The frilled lizard misses you.
You miss the frilled lizard.
The frilled lizard is heavily wounded.
Pikel hits you with a whip of flaming. Pikel burns you.
The frilled lizard barely misses you.
You riposte.
You closely miss the frilled lizard.
The frilled lizard is heavily wounded.
Pikel barely misses you. The frilled lizard misses you.
Press: ? - help, v - describe, . - travel
Here: Pikel, wielding a whip of flaming and wearing a robe The floor.
Unknown command.
You barely miss the frilled lizard.
The frilled lizard is heavily wounded.
Pikel completely misses you. The frilled lizard misses you.
You closely miss the frilled lizard.
The frilled lizard is heavily wounded.
Pikel hits you with a whip of flaming. Pikel burns you.
The frilled lizard closely misses you.
You slash the frilled lizard!
You kill the frilled lizard!
Okawaru accepts your kill. Pikel misses you.
You riposte.
You hit Pikel but do no damage. Pikel closely misses you.
You block Pikel's attack.
You climb upwards.
There is a stone staircase leading down here.
There is an open door, spattered with blood here.
You hit Pikel.
Pikel is lightly wounded.
Pikel closely misses you.
You hit Pikel.
Pikel is moderately wounded.
Pikel closely misses you.
You slash Pikel!
Pikel is heavily wounded.
Pikel misses you. Pikel hits you with a whip of flaming!
Ouch! That really hurt!
* * * LOW HITPOINT WARNING * * *
Pikel burns you.
You die...

..8#..#.......#
..##........###
.8##........#
..####......#
..8####.....######
..##............>#
.8#####.......##.# ###
## #####...##K###'##
######## #...#.@.....#
.......# #...'.......#
.......####...#.......#
.......'......#.......#
.......###....+.......#
...##### #....#.......#
...# #...........##
...# #..<.##.###.#
..##### #....##.###.#


You could see Pikel.

Vanquished Creatures
  Robin (D:3)
  5 adders
  3 worms
  A dart slug (D:3)
  4 leopard geckos
  An orc (D:3)
  2 ball pythons
  4 bats
  A giant cockroach (D:3)
  A goblin (D:1)
  6 hobgoblins
  2 jackals (D:2)
  3 quokkas
  5 frilled lizards
  A jackal skeleton (D:4)
  5 kobolds
  5 rats
50 creatures vanquished.

Notes
Turn   | Place    | Note
-------+----------+-------------------------------------------
     0 | D:1      | Amnesiac the Spriggan Fighter began the quest for the Orb.
     0 | D:1      | Reached XP level 1. HP: 11/11 MP: 2/2
   340 | D:1      | Reached XP level 2. HP: 12/16 MP: 3/3
   614 | D:2      | Noticed an earth elemental
   616 | D:2      | Found a stormy altar of Qazlal.
   617 | D:2      | Noticed a fire elemental
   617 | D:2      | Noticed an air elemental
   617 | D:2      | Noticed a water elemental
   650 | D:2      | Reached skill level 5 in Dodging
   917 | D:2      | Found a glowing golden altar of the Shining One.
  1243 | D:2      | Reached skill level 6 in Dodging
  1243 | D:2      | Reached XP level 3. HP: 12/19 MP: 4/4
  1828 | D:3      | Found a hide-covered altar of Uskayaw.
  1895 | D:3      | Reached XP level 4. HP: 23/23 MP: 5/5
  2001 | D:3      | HP: 1/23 [adder (4)]
  2447 | D:3      | Found an iron altar of Okawaru.
  2469 | D:3      | Became a worshipper of Warmaster Okawaru
  3152 | D:4      | Noticed a slave
  3159 | D:4      | Noticed a slave
  3160 | D:4      | Noticed a slave
  3165 | D:4      | Reached skill level 7 in Dodging
  3166 | D:4      | Noticed Pikel
  3249 | D:4      | Noticed Robin
  3260 | D:3      | Killed Robin
  3303 | D:3      | Noticed a hornet
  3303 | D:3      | a slave changed into a hornet
  3468 | D:4      | Noticed a slave
  3474 | D:3      | HP: 1/23 [Pikel/whip of flaming (13)]
  3474 | D:3      | Slain by Pikel

Vault maps used:
D:1:      lightli_arrival_statue_moat
D:2:      nicolae_qazlal_style_of_elements, tso_altar
D:3:      nicolae_overflow_hidden_temple, first_ration, okawaru_trees_2
D:4:      minmay_temple_entry_butterflies, minmay_ogre_servants, uniq_pikel,
          uniq_duvessa, uniq_robin, uniq_edmund

Skill      XL: |  1  2  3  4 |
---------------+-------------+-----
Long Blades    | 2 |  2.0
Dodging        | 6 7 |  7.2
Fighting       | |  2.4
Shields        | |  2.5

Action                   |  1- 3 |  4- 6 || total
-------------------------+-------+-------++-------
Melee: Long sword        |   127 |    77 ||   204
Evoke: Wand              |       |     2 ||     2
  Eat: Ration            |       |     1 ||     1
Armor: Robe              |     6 |     5 ||    11
Dodge: Dodged            |   101 |    78 ||   179
Block: Buckler           |    49 |    23 ||    72
       Rpst.: Long sword |    28 |    28 ||    56

Table legend:
 A = Spawn XP
 B = Non-spawn XP
 C = Spawn XP percentage of total XP
 D = Spawn monster count
 E = Non-spawn monster count
 F = Spawn count percentage of total count
 G = Total turns spent on level
                    A         B        C        D         E        F      G
               +---------+---------+-------+---------+---------+-------+---------
         Total |       0 |     170 |   0.0 |       0 |      50 |   0.0 |  3474
               +---------+---------+-------+---------+---------+-------+---------
           D:1 |       0 |      15 |   0.0 |       0 |      10 |   0.0 |   580
           D:2 |       0 |      65 |   0.0 |       0 |      13 |   0.0 |  1496
           D:3 |       0 |      74 |   0.0 |       0 |      23 |   0.0 |  1320
           D:4 |       0 |      16 |   0.0 |       0 |       4 |   0.0 |    78
               +---------+---------+-------+---------+---------+-------+---------
